 Dungeon Crawl Stone Soup version 0.28-a0-589-g333b8329f1 (webtiles) character file.

Game seed: 1724274169668349380

212 iamoutofideas the Chopper (level 5, 0/45 HPs)
             Began as a Hill Orc Gladiator on Oct 4, 2021.
             Slain by a gnoll shaman (8 damage)
             ... on level 3 of the Dungeon.
             The game lasted 00:02:05 (2910 turns).

iamoutofideas the Chopper (Hill Orc Gladiator)      Turns: 2910, Time: 00:02:06

Health: 0/45       AC:  5    Str: 18    XL:     5   Next: 89%
Magic:  0/5        EV: 12    Int:  8    God:
Gold:   166        SH:  0    Dex: 12    Spells: 4/4 levels left

rFire   . . .      SeeInvis .   a - +0 war axe
rCold   . . .      Faith    .   (no shield)
rNeg    . . .      Spirit   +   b - +0 leather armour
rPois   .          Reflect  .   c - +0 helmet
rElec   .          Harm     .   (no cloak)
rCorr   .          Rampage  .   (no gloves)
Will    .....                   e - +0 pair of boots
Stlth   +.........              f - amulet of guardian spirit
HPRegen 0.15/turn               (no ring)
MPRegen 0.09/turn               (no ring)

@: no status effects
A: no striking features
a: no special abilities


You were on level 3 of the Dungeon.
You visited 1 branch of the dungeon, and saw 4 of its levels.

You collected 166 gold pieces.

Inventory:

Hand Weapons
 a - a +0 war axe (weapon)
Missiles
 d - 3 throwing nets (quivered)
Armour
 b - a +0 leather armour (worn)
 c - a +0 helmet (worn)
 e - a +0 pair of boots (worn)
Jewellery
 f - an amulet of guardian spirit (around neck)
Wands
 m - a wand of flame (22)
Scrolls
 i - 2 scrolls of enchant weapon {unknown}
Potions
 h - a potion of ambrosia
 k - a potion of degeneration
 l - a potion of brilliance


   Skills:
 + Level 3.3 Fighting
 * Level 7.5 Axes
 - Level 1.7 Throwing
 - Level 0.1 Armour
 - Level 2.8 Dodging
 - Level 0.4 Stealth


You had 4 spell levels left.
You didn't know any spells.
Your spell library contained the following spells:

 Spells                   Type           Power      Damage    Failure   Level
 Shock                    Conj/Air       0%         1d3       45%         1
 Swiftness                Air            0%         N/A       83%         3
 Airstrike                Air            0%         N/A       99%         4


Dungeon Overview and Level Annotations

Branches:
Dungeon (4/15)
 Temple: D:4-7

Altars:


Message History

Unknown command.
You completely miss the gnoll.
The gnoll is almost dead.
You barely miss the gnoll shaman. You completely miss the worm.
The gnoll closely misses you.
The gnoll shaman hits you with a +0 whip.
The worm bites you but does no damage.
Unknown command.
You hit the gnoll.
You kill the gnoll!
You hit the worm. You closely miss the gnoll shaman.
The gnoll shaman hits you with a +0 whip!
A gnoll comes into view. It is wielding a +0 spear.
The gnoll shaman misses you.
Unknown command.
The gnoll shouts!
You hit the gnoll shaman but do no damage.
The gnoll shaman is severely wounded.
You barely miss the worm. The worm bites you!
The gnoll shaman hits you with a +0 whip.
* * * LOW HITPOINT WARNING * * *
Unknown command.
You are too injured to fight recklessly!
You are too injured to fight recklessly!
You are too injured to fight recklessly!
The gnoll shaman utters an invocation to its god.
The gnoll shaman is healed somewhat.
You climb upwards.
There is a stone staircase leading down here.
Unknown command.
You completely miss the gnoll shaman.
The gnoll shaman is moderately wounded.
You slash the worm! The worm bites you.
* * * LOW HITPOINT WARNING * * *
The gnoll shaman barely misses you. The worm completely misses you.
You barely miss the gnoll shaman.
The gnoll shaman is moderately wounded.
The gnoll shaman hits you with a +0 whip!
You die...

.##...#### #.# #...# ##
.###.## #.# ###.# #. .# #.#
#.#########.# #. .# #.#
#...........# #. .# #.#
############# ## .###.####
#........#
........###########.######.#
.###.##..(..........######.#
.....#....#.....@..........#
.........#.#....g.###)###..#
.#####..#._.#...>w# #.# #..#
.#####...#.#......###.# #..#
..........#...........# #..#
#####..............#### #..#
#......).....##......# #..#
#.###......#.##|####.# #..#
#.# #.#....#.##.#
#.####..######


You could see a gnoll shaman and a worm.

Vanquished Creatures
  A phantom (D:3)
  2 gnolls (D:4)
  4 adders
  5 worms
  A dart slug (D:2)
  4 orcs (D:4)
  6 ball pythons
  5 endoplasms
  2 giant cockroaches (D:3)
  8 goblins
  8 hobgoblins
  8 kobolds
  A quokka (D:4)
  2 frilled lizards (D:1)
  5 rats
62 creatures vanquished.

Notes
Turn   | Place    | Note
-------+----------+-------------------------------------------
     0 | D:1      | iamoutofideas the Hill Orc Gladiator began the quest for
                  | the Orb.
     0 | D:1      | Reached XP level 1. HP: 18/18 MP: 1/1
    86 | D:1      | Reached XP level 2. HP: 24/25 MP: 2/2
   966 | D:2      | Reached XP level 3. HP: 30/30 MP: 3/3
   978 | D:2      | Reached skill level 5 in Axes
  1250 | D:2      | Reached XP level 4. HP: 16/37 MP: 2/4
  2067 | D:3      | Reached skill level 6 in Axes
  2177 | D:3      | Found a faded altar of an unknown god.
  2649 | D:4      | Noticed a phantom
  2680 | D:3      | Killed a phantom
  2681 | D:3      | Reached skill level 7 in Axes
  2681 | D:3      | Reached XP level 5. HP: 13/45 MP: 2/5
  2910 | D:3      | Slain by a gnoll shaman

Illustrated notes

Levels and vault maps discovered:
D:1:      saegor_arrival_miasma, layout_loops_ring, bh_walls_and_bars
D:2:      layout_basic
D:3:      layout_loops_ring, chequers_ecumenical_altar_simple_redux
D:4:      layout_basic, minmay_temple_entry_arrows, enter_ossuary_4,
          uniq_eustachio, uniq_edmund

Skill      XL: |  1  2  3  4 |
---------------+-------------+-----
Axes           | 5 7 |  7.5
Fighting       | 3 |  3.3
Throwing       | |  1.7
Armour         | |  0.1
Dodging        | |  2.8
Stealth        | |  0.4

Action                   |  1- 3 |  4- 6 || total
-------------------------+-------+-------++-------
Melee: War axe           |    91 |    99 ||   190
  Use: Scroll            |       |     4 ||     4
       Potion            |       |     1 ||     1
 Stab: Distracted        |     1 |       ||     1
Armor: Leather armour    |    26 |    40 ||    66
Dodge: Dodged            |    62 |    77 ||   139

Table legend: (Time is in decaauts)
 A = Elapsed time spent in this place.
 B = Non-inter-level travel time spent in this place.
 C = Inter-level travel time spent in this place.
 D = Time resting spent in this place.
 E = Time spent auto-exploring this place.
 F = Levels seen in this place.
 G = Mean time per level.
                   A        B        C        D        E       F      G
               +--------+--------+--------+--------+--------+-----+--------+
         Total |   2952 |   2727 |    225 |    212 |   2060 |   4 |  738.0 |
       Dungeon |   2952 |   2727 |    225 |    212 |   2060 |   4 |  738.0 |
               +--------+--------+--------+--------+--------+-----+--------+

Top non-repeatable levels by time:
     D:3: 1026 daAuts
     D:1: 955 daAuts
     D:2: 905 daAuts
     D:4: 64 daAuts
